 Dungeon Crawl Stone Soup version 0.28.0 (webtiles) character file.

Game seed: 4347351981390582543

209 Hasart the Covered (level 5, 0/45 HPs)
             Began as a Demigod Fighter on Feb 16, 2022.
             Shot with a bolt by a kobold brigand (9 damage)
             ... in a sewer.
             The game lasted 00:05:09 (2264 turns).

Hasart the Covered (Demigod Fighter)                Turns: 2264, Time: 00:05:09

Health: 0/45       AC:  6    Str: 27    XL:     5   Next: 30%
Magic:  7/7        EV: 10    Int: 10    God:
Gold:   150        SH:  5    Dex: 13    Spells: 4/4 levels left

rFire   . . .      SeeInvis .   a - +0 long sword
rCold   + . .      Faith    .   c - +0 buckler
rNeg    . . .      Spirit   .   b - +0 scale mail
rPois   +          Reflect  .   (no helmet)
rElec   .          Harm     .   (no cloak)
rCorr   .          Rampage  .   (no gloves)
Will    .....                   (no boots)
Stlth   ..........              g - amulet of regeneration
HPRegen 0.95/turn               o - ring of Ipneud {rPois rC+ Str+6 Slay+2}
MPRegen 0.10/turn               (no ring)

@: slowed, very slow
A: high MP 1, forlorn, divine attributes
a: no special abilities


You were in a sewer.
You visited 1 branch of the dungeon, and saw 4 of its levels.
You also visited: Sewer.

You collected 150 gold pieces.

Inventory:

Hand Weapons
 a - a +0 long sword (weapon)
Missiles
 p - 4 boomerangs (quivered)
Armour
 b - a +0 scale mail (worn)
 c - a +0 buckler (worn)
Jewellery
 g - an amulet of regeneration (around neck)
 o - the ring of Ipneud (left hand) {rPois rC+ Str+6 Slay+2}
   (You found it on level 4 of the Dungeon)

   [ring of strength]

   Str:       It affects your strength (+6).
   Slay:      It affects your accuracy & damage with ranged weapons and melee
   (+2).
   rC:        It protects you from cold.
   rPois:     It protects you from poison.
Scrolls
 e - 4 scrolls of teleportation {unknown}
 f - 3 scrolls of enchant armour {unknown}
 h - a scroll of blinking {unknown}
 j - a scroll of fear {unknown}
 n - a scroll of identify {unknown}
 q - a scroll of vulnerability {unknown}
Potions
 d - a potion of might
 i - a potion of brilliance {unknown}
 k - a potion of curing {unknown}
 l - a potion of berserk rage {unknown}
 m - a potion of degeneration {unknown}


   Skills:
 + Level 3.3 Fighting
 * Level 3.3 Long Blades
 + Level 0.6 Throwing
 + Level 3.4 Armour
 + Level 1.4 Dodging
 + Level 3.3 Shields


You had 4 spell levels left.
You didn't know any spells.
Your spell library contained the following spells:

 Spells                   Type           Power      Damage    Failure   Level
 Iskenderun's Battlesphe  Conj           0%         2d6       100%        5
 Iron Shot                Conj/Erth      0%         9d1       100%        6
 Spellforged Servitor     Conj/Summ      0%         N/A       100%        7


Dungeon Overview and Level Annotations

Branches:
Dungeon (4/15)              Sewer (1/1)
 Temple: D:4-7

Annotations:
D:3 Sigmund


Innate Abilities, Weirdness & Mutations

You have an increased reservoir of magic. (+10% MP)
You shall have no god before yourself.
Your divine heritage dramatically boosts your attributes as you level up.


Message History

The kobold brigand is severely wounded.
The kobold brigand hits you but does no damage.
The kobold brigand hits you with a +0 club.
You block the kobold brigand's attack.
You barely miss the kobold brigand.
The kobold brigand is severely wounded.
The kobold brigand hits you with a +0 club.
The kobold brigand hits you with a +0 short sword.
You closely miss the kobold brigand.
The kobold brigand is severely wounded.
The kobold brigand hits you with a +0 club.
The kobold brigand hits you with a +0 short sword.
* * * LOW HITPOINT WARNING * * *
The kobold brigand hits you with a +0 club.
* * * LOW HITPOINT WARNING * * *
The kobold brigand unwields a +0 club.
The kobold brigand wields a +0 hand crossbow.
The kobold brigand shoots a bolt.
You block the bolt. The kobold brigand closely misses you.
The kobold brigand throws a curare-tipped dart.
The curare-tipped dart hits you.
The kobold brigand shoots a bolt.
You block the bolt.
Throw: 4 boomerangs
Press: ? - help, Q - select action Shift-Dir - straight line, f - kobold brigand
Aim: a kobold brigand, wielding a +0 short sword and quivering curare-tipped darts (severely wounded, 53% to hit)
You throw a boomerang.
The boomerang hits the kobold brigand but does no damage.
The kobold brigand is severely wounded.
The kobold brigand throws a curare-tipped dart.
The curare-tipped dart hits you.
You have difficulty breathing.
* * * LOW HITPOINT WARNING * * *
You feel yourself slow down.
Okay, then.
The kobold brigand hits you but does no damage.
The kobold brigand hits you with a +0 short sword.
* * * LOW HITPOINT WARNING * * *
The kobold brigand shoots a bolt.
The bolt barely misses you. The kobold brigand closely misses you.
The kobold brigand shoots a bolt.
The bolt hits you!
You die...

#......≈#
##..P.P≈≈#≈≈
#.....≈≈≈#≈≈
##.....≈≈≈≈≈
#.......≈P#≈≈
##......≈≈#≈≈
#...K..≈≈#
#KK......#
##.@.†....#
#....†...P#≈≈
#.......≈≈#≈≈
##.....≈≈≈≈≈≈≈#
#......≈≈#≈≈≈#
#.....≈≈≈≈≈≈≈#
##.....≈≈#≈≈≈#
##.....≈#≈≈≈#
##.....# ≈≈#


You could see 2 kobold brigands and a kobold.

Vanquished Creatures
  A kobold brigand (Sewer)
  Terence (D:2)
  4 adders
  2 worms
  3 dart slugs
  2 endoplasms
  7 giant cockroaches
  5 goblins
  6 hobgoblins
  A jackal (D:1)
  4 quokkas
  11 ball pythons
  7 bats
  3 frilled lizards (D:1)
  8 kobolds
  8 rats
73 creatures vanquished.

Vanquished Creatures (others)
  2 plants (Sewer)
2 creatures vanquished.

Grand Total: 75 creatures vanquished

Notes
Turn   | Place    | Note
-------+----------+-------------------------------------------
     0 | D:1      | Hasart the Demigod Fighter began the quest for the Orb.
     0 | D:1      | Reached XP level 1. HP: 18/18 MP: 3/3
   229 | D:1      | Reached XP level 2. HP: 25/25 MP: 4/4
   993 | D:2      | Reached XP level 3. HP: 30/30 MP: 5/5
  1119 | D:2      | Noticed Terence
  1151 | D:2      | Killed Terence
  1241 | D:2      | Reached skill level 1 in Dodging
  1241 | D:2      | Reached XP level 4. HP: 38/38 MP: 6/6
  1904 | D:3      | Noticed Sigmund
  2030 | D:4      | Identified the ring of Ipneud {rPois rC+ Str+6 Slay+2}
  2120 | D:4      | Found a glowing drain.
  2132 | Sewer    | Entered a sewer
  2229 | Sewer    | Noticed a kobold brigand
  2229 | Sewer    | Noticed a kobold brigand
  2229 | Sewer    | Noticed a kobold brigand
  2232 | Sewer    | Killed a kobold brigand
  2233 | Sewer    | Reached XP level 5. HP: 40/45 MP: 7/7
  2264 | Sewer    | Shot with a bolt by a kobold brigand

Illustrated notes

Levels and vault maps discovered:
D:1:      roderic_chinese_lattice_arrival, layout_basic, basic_ecumenical_altar,
          minmay_pentomino_p4
D:2:      layout_basic, uniq_terence
D:3:      layout_basic, general_overflow_altar, serial_glass, glass_columns_c,
          glass_columns_a, nicolae_figureground_pulse, uniq_crazy_yiuf_cottage,
          uniq_sigmund
D:4:      minmay_general_purpose_star, layout_basic, overflow_temple_1_default,
          gup_sewer_entry_spiral, minmay_goblin_outpost
Sewer:    kennysheep_pipe_town

Skill      XL: |  1  2  3  4 |
---------------+-------------+-----
Long Blades    | 2 3 |  3.3
Shields        | 3 |  3.3
Armour         | 3 |  3.4
Fighting       | 3 |  3.3
Dodging        | 1 |  1.4
Throwing       | |  0.6

Action                   |  1- 3 |  4- 6 || total
-------------------------+-------+-------++-------
Melee: Long sword        |    92 |   135 ||   227
Throw: Boomerang         |       |     1 ||     1
Armor: Scale mail        |    39 |    59 ||    98
Dodge: Dodged            |    31 |    70 ||   101
Block: Buckler           |    20 |    48 ||    68
